 Dungeon Crawl Stone Soup version 0.27-a0-1273-gec92ba881d (webtiles) character file.

Game seed: 10986185317790750976

7096 2bobheroes the Carver (level 11, 0/79 HPs)
             Began as a Djinni Warper on June 11, 2021.
             Was an Elder of Okawaru.
             Slain by an entropy weaver simulacrum (40 damage)
             ... in an ice cave.
             The game lasted 00:40:29 (13026 turns).

2bobheroes the Carver (Djinni Warper)              Turns: 13026, Time: 00:40:31

Health: 0/79       AC:  9    Str: 13    XL:     11   Next: 30%
Gold:   331        EV: 15    Int: 18    God:    Okawaru [****..] SH:  0 Dex: 13

rFire    + + .     SeeInvis .   B - +5 long sword of Bloody Death {venom, *Noise rN+ Int+3}
rCold    x . .     Faith    .   (no shield)
rNeg     + . .     Spirit   .   u - +3 leather armour
rPois    ∞         Reflect  .   K - +2 hat
rElec    .         Harm     .   (no cloak)
rCorr    +         Rampage  .   D - +0 pair of gloves
Will     +....                  (boots unavailable)
Stlth    +.........             (no amulet)
HPRegen  0.23/turn              o - ring of resist corrosion
MPRegen  0.00/turn              F - ring of wizardry

@: flying
A: sickness immunity, fire resistance 2, cold vulnerability 1, float, innate
caster, hp casting, extra vitality 1
a: Renounce Religion, Heroism


You were in an ice cave.
You worshipped Okawaru.
Okawaru was greatly pleased with you.
You visited 3 branches of the dungeon, and saw 12 of its levels.
You also visited: Ossuary and Ice Cave.

You collected 599 gold pieces.
You spent 268 gold pieces at shops.

Inventory:

Hand Weapons
 q - a +0 hunting sling
 v - a +2 dagger of speed
 z - a +0 glaive
 B - the +5 long sword of Bloody Death (weapon) {venom, *Noise rN+ Int+3}
   (You found it on level 5 of the Dungeon)

   It poisons the flesh of those it strikes.
   It affects your intelligence (+3).
   It protects you from negative energy.
   It may make noises in combat.
 E - a +3 scimitar
Missiles
 a - 2 boomerangs (quivered)
 e - 5 boomerangs of dispersal
 f - 155 sling bullets
 l - 352 stones
 m - 20 poisoned darts
 I - a curare-tipped dart
Armour
 u - a +3 leather armour (worn)
 w - a +0 kite shield
 D - a +0 pair of gloves (worn)
 G - a +0 buckler
 K - a +2 hat (worn)
Jewellery
 j - a ring of positive energy
 o - a ring of resist corrosion (left hand)
 F - a ring of wizardry (right hand)
Wands
 p - a wand of polymorph (6)
 t - a wand of charming (7)
 P - a wand of iceblast (9)
Scrolls
 d - 2 scrolls of amnesia {unknown}
 k - a scroll of immolation {unknown}
 n - a scroll of fog {unknown}
 s - a scroll of torment {unknown}
 x - 2 scrolls of enchant armour {unknown}
 y - 6 scrolls of teleportation
 C - a scroll of magic mapping
 H - a scroll of silence
 J - 3 scrolls of holy word
 M - 3 scrolls of blinking
 N - a scroll of enchant weapon {unknown}
 O - a scroll of noise {unknown}
Potions
 b - 2 potions of curing
 c - a potion of resistance
 g - a potion of heal wounds {unknown}
 h - 2 potions of might
 i - a potion of invisibility {unknown}
 r - 3 potions of attraction
 A - 2 potions of cancellation
 Q - a potion of lignification


   Skills:
 + Level 7.1 Fighting
 * Level 10.5 Long Blades
 + Level 3.3 Throwing
 - Level 1.0 Armour
 + Level 9.0 Dodging
 + Level 4.4 Spellcasting


You couldn't memorise any spells.
You knew the following spells:

 Your Spells              Type           Power      Damage    Failure   Level
a - Blink                 Tloc           N/A        N/A       1%          2
b - Lesser Beckoning      Tloc           9%         N/A       3%          3
c - Gell's Gravitas       Tloc           9%         N/A       3%          3
d - Teleport Other        Tloc           19%        N/A       3%          3
e - Manifold Assault      Tloc           19%        N/A       32%         5
f - Animate Skeleton      Necr           38%        N/A       1%          1
g - Slow                  Hex            19%        N/A       1%          2
h - Frozen Ramparts       Ice            38%        1d5       3%          3
i - Petrify               Tmut/Erth      19%        N/A       12%         4
j - Lightning Bolt        Conj/Air       9%         1d22      32%         5
Your spell library was empty.

Dungeon Overview and Level Annotations

Branches:
Dungeon (9/15)             Temple (1/1) D:5            Lair (2/6) D:8
  Swamp (0/4) Lair:2      Ossuary (visited)           IceCv (1/1)
  Snake: Lair:2-4    Spider: Lair:2-4       Orc: D:9-12

Altars:
Ashenzari
Cheibriados
Dithmenos
Elyvilon
Fedhas
Gozag
Hepliaklqana
Kikubaaqudgha
Makhleb
Nemelex Xobeh
Okawaru
Ru
Sif Muna
Trog
Uskayaw
Vehumet
Wu Jian
Xom
Yredelemnul
Zin
The Shining One

Shops:
D:6 *

Annotations:
D:8 2 transporters


Innate Abilities, Weirdness & Mutations

You are immune to sickness and miasma.
You are immune to poison.
Your flesh is very heat resistant. (rF++)
You are vulnerable to cold. (rC-)
You float through the air rather than walking.
You learn spells naturally, not from books.
Your magical power is your life essence.
You have superior vitality. (+4 HP)


Message History

Throw: 2 boomerangs
Press: ? - help, Q - select action, (/) - cycle Shift-Dir - straight line, f/p - ugly thing simulacrum
Aim: an ugly thing simulacrum (lightly damaged, 83% to hit)
You throw a boomerang.
The boomerang barely misses the ugly thing simulacrum.
Unknown command.
You slash the ugly thing simulacrum!
The ugly thing simulacrum is moderately damaged.
You slash the ugly thing simulacrum! You punch the ugly thing simulacrum.
The ugly thing simulacrum is severely damaged.
The ugly thing simulacrum closely misses you.
You slash the ugly thing simulacrum!
The ugly thing simulacrum vapourises!
Okawaru accepts your kill.
You slash the glowing shapeshifter simulacrum!
The glowing shapeshifter simulacrum is heavily damaged.
You slice the glowing shapeshifter simulacrum!!
The glowing shapeshifter simulacrum vapourises!
Okawaru accepts your kill.
You start resting.
You feel like a meek peon again.
You start resting.
HP restored.
An entropy weaver simulacrum comes into view.
You hit the entropy weaver simulacrum.
The entropy weaver simulacrum is lightly damaged.
The entropy weaver simulacrum hits you but does no damage.
The entropy weaver simulacrum barely misses you.
The entropy weaver simulacrum hits you but does no damage.
The entropy weaver simulacrum hits you.
The entropy weaver simulacrum freezes you!!
You feel a terrible chill!
You slash the entropy weaver simulacrum!
The entropy weaver simulacrum is moderately damaged.
The entropy weaver simulacrum barely misses you.
The entropy weaver simulacrum hits you.
The entropy weaver simulacrum freezes you!!!
You feel a terrible chill!
Ouch! That really hurt!
You die...

. .. ...# ##
#....#### ##...
#.....#####.....
#..Z@.....#
####...####
##.## ##.##
##...## #..∩..#
##.∩.## #####


You could see an entropy weaver simulacrum.

Vanquished Creatures
  A swamp dragon (Lair:2)
  Pikel (D:4)
  A cane toad (Lair:1)
  A wraith (Ossuary)
  A wyvern (Lair:2)
  8 yaks
  Grum (D:8)
  Menkaure (D:6)
  5 water moccasins
  A black bear (D:5)
  2 necrophages (D:7)
  9 ice beasts
  An orc warrior (D:7)
  An ugly thing simulacrum (IceCv)
  A sky beast (D:8)
  2 centaurs
  An ogre (D:7)
  2 wolves (D:8)
  2 lemures
  An elf zombie (D:8)
  A kobold brigand (D:7)
  A bullfrog (Lair:2)
  Blork the orc (D:6)
  A gnoll sergeant (D:6)
  A glowing shapeshifter simulacrum (IceCv)
  3 scorpions
  An elf skeleton (D:8)
  A water moccasin zombie (D:5)
  4 wights (D:6)
  3 killer bees (D:8)
  A howler monkey (D:6)
  2 jellies
  A gnoll shaman (D:7)
  An orc priest (D:6)
  A bullfrog skeleton (D:6)
  A centaur skeleton (D:7)
  3 hounds
  A human zombie (D:8)
  3 human skeletons (D:8)
  7 orc wizards
  A hound zombie (D:5)
  A mummy (Ossuary)
  A howler monkey zombie (D:7)
  Robin (D:1)
  7 gnolls
  3 adders
  A shadow imp (D:6)
  2 ufetubi
  3 worms
  A dart slug (D:4)
  19 orcs
  4 endoplasms
  3 giant cockroaches
  17 goblins
  11 hobgoblins
  10 jackals
  10 kobolds
  2 quokkas
  10 ball pythons
  5 bats
  A frilled lizard (D:2)
  7 gnoll skeletons (Ossuary)
  7 kobold skeletons (Ossuary)
  14 orc skeletons
  2 orc zombies (D:8)
  7 rats
231 creatures vanquished.

Vanquished Creatures (others)
  A water moccasin (Lair:2)
  6 fungi (Lair:2)
  10 plants
17 creatures vanquished.

Grand Total: 248 creatures vanquished

Notes
Turn   | Place    | Note
-------+----------+-------------------------------------------
     0 | D:1      | 2bobheroes the Djinni Warper began the quest for the Orb.
     0 | D:1      | Reached XP level 1. HP: 18/18 MP: 0/0
   174 | D:1      | Reached skill level 2 in Long Blades
   230 | D:1      | Reached XP level 2. HP: 22/23 MP: 0/0
   689 | D:1      | Reached XP level 3. HP: 28/28 MP: 0/0
   689 | D:1      | Learned a level 1 spell: Animate Skeleton
   905 | D:2      | Noticed Robin
  1263 | D:1      | Killed Robin
  1459 | D:2      | Reached XP level 4. HP: 32/33 MP: 0/0
  1639 | D:2      | Reached skill level 3 in Long Blades
  1804 | D:2      | Found a faded altar of an unknown god.
  2959 | D:3      | Reached XP level 5. HP: 27/38 MP: 0/0
  2959 | D:3      | Learned a level 2 spell: Slow
  3267 | D:3      | Found a basalt altar of Yredelemnul.
  3897 | D:4      | Reached XP level 6. HP: 43/43 MP: 0/0
  3965 | D:4      | Reached skill level 4 in Long Blades
  4462 | D:4      | Noticed Pikel
  4478 | D:4      | Killed Pikel
  4479 | D:4      | Reached skill level 5 in Long Blades
  4479 | D:4      | Reached XP level 7. HP: 32/49 MP: 0/0
  4479 | D:4      | Learned a level 3 spell: Frozen Ramparts
  5103 | D:5      | Entered Level 5 of the Dungeon
  5150 | D:5      | Found a staircase to the Ecumenical Temple.
  5159 | Temple   | Entered the Ecumenical Temple
  5266 | D:5      | Reached XP level 8. HP: 47/54 MP: 0/0
  5353 | D:5      | Identified the +5 long sword of Bloody Death {venom, *Noise
                  | rN+ Int+3}
  5451 | D:5      | Found an iron altar of Okawaru.
  5454 | D:5      | Became a worshipper of Warmaster Okawaru
  5485 | D:5      | Reached skill level 5 in Dodging
  5648 | D:5      | Reached skill level 6 in Long Blades
  6249 | D:6      | Found Xogouru's General Store.
  6264 | D:6      | Bought a potion of might for 44 gold pieces
  6264 | D:6      | Bought a scroll of identify for 22 gold pieces
  6264 | D:6      | Bought a scroll of magic mapping for 38 gold pieces
  6264 | D:6      | Bought a scroll of holy word for 82 gold pieces
  6264 | D:6      | Bought a scroll of silence for 82 gold pieces
  6279 | D:6      | Reached * piety under Okawaru
  6435 | D:6      | Reached XP level 9. HP: 4/61 MP: 0/0
  6435 | D:6      | Learned a level 4 spell: Petrify
  6804 | D:6      | Noticed Blork the orc
  6846 | D:6      | Killed Blork the orc
  6847 | D:6      | Reached skill level 7 in Long Blades
  6892 | D:6      | Noticed Menkaure
  7181 | D:6      | Killed Menkaure
  8389 | D:7      | Reached skill level 8 in Long Blades
  8434 | D:7      | Reached ** piety under Okawaru
  8860 | D:7      | Reached skill level 5 in Fighting
  9285 | D:8      | Found a sand-covered staircase.
  9299 | Ossuary  | Entered an ossuary
  9548 | Ossuary  | Reached XP level 10. HP: 56/70 MP: 0/0
  9817 | D:8      | Noticed Grum
 10127 | D:8      | Killed Grum
 10128 | D:8      | Reached skill level 9 in Long Blades
 10142 | D:8      | Reached *** piety under Okawaru
 10311 | D:8      | Found a transporter.
 10313 | D:8      | Noticed a four-headed hydra
 10315 | D:8      | Found a transporter.
 10315 | D:8      | Noticed a deep elf pyromancer
 10317 | D:8      | Found a snail-covered altar of Cheibriados.
 10459 | D:8      | Found a staircase to the Lair.
 10610 | D:8      | Reached skill level 1 in Throwing
 11107 | Lair:1   | Entered Level 1 of the Lair of Beasts
 11929 | Lair:1   | Noticed a cane toad
 11951 | Lair:1   | Killed a cane toad
 12257 | Lair:2   | Reached **** piety under Okawaru
 12272 | Lair:1   | Reached skill level 10 in Long Blades
 12439 | Lair:2   | Reached XP level 11. HP: 41/78 MP: 0/0
 12439 | Lair:2   | Learned a level 5 spell: Lightning Bolt
 12534 | Lair:2   | Noticed a swamp dragon
 12583 | Lair:2   | Killed a swamp dragon
 12783 | Lair:2   | Found a frozen archway.
 12790 | IceCv    | Entered an ice cave
 13026 | IceCv    | Slain by an entropy weaver simulacrum

Illustrated notes

Levels and vault maps discovered:
D:1:      dpeg_arrival_brainrot, layout_basic, minmay_tromino_i4
D:2:      layout_loops_ring, ebering_ecumenical_altar_abandoned,
          grunt_decor_mini_mirrors, uniq_robin
D:3:      layout_basic, overflow_temple_1_default
D:4:      layout_loops_cross, feat_on_display, uniq_pikel
D:5:      layout_gridville, kennysheep_mini_moat,
          minmay_temple_entry_sparse_star
D:6:      layout_basic, nicolae_overflow_hidden_temple, tgw_sif, serial_shops,
          shop, uniq_menkaure
D:7:      layout_basic
D:8:      layout_loops_ring, gammafunk_temple_overflow_arena, dpeg_oklobed_lair,
          nicolae_ossuary_entry_catacombs, uniq_grum
D:9:      layout_layer_cave, general_overflow_altar
Temple:   compressed_dpeg_circular_temple
Lair:1:   layout_cave_pods, st_stairs_8
Lair:2:   layout_misc_corridors, minmay_swamp_entry_reptiles,
          portal_ice_cave_entry_ice_beasts, grunt_megastairs_3
IceCv:    ice_cave_hellmonk_azure_passage

Skill      XL: |  1  2  3  4  5  6  7  8  9 10 11 |
---------------+----------------------------------+-----
Long Blades    | 2 3 5 6 8 10 | 10.5
Dodging        | 3 4 6 7 8 9 |  9.0
Spellcasting   | 3 4 |  4.4
Fighting       | 3 5 6 7 |  7.1
Throwing       | 2 3 |  3.3
Armour         | |  1.0

Action                   |  1- 3 |  4- 6 |  7- 9 | 10-12 || total
-------------------------+-------+-------+-------+-------++-------
Melee: Falchion          |   114 |   212 |    16 |       ||   342
       Long sword        |       |       |   272 |   214 ||   486
       Punch             |       |       |     1 |     5 ||     6
Throw: Dart              |     1 |    18 |     4 |     3 ||    26
       Boomerang         |       |     2 |    14 |    24 ||    40
 Cast: Slow              |       |     2 |       |       ||     2
       Animate Skeleton  |       |     1 |     3 |       ||     4
       Frozen Ramparts   |       |       |     4 |       ||     4
       Blink             |       |       |       |     2 ||     2
Invok: Heroism           |       |       |     5 |     9 ||    14
Evoke: Wand              |       |       |       |     2 ||     2
  Use: Scroll            |       |       |     7 |     6 ||    13
       Potion            |       |       |       |     5 ||     5
 Stab: Sleeping          |       |     1 |       |       ||     1
Armor: Ring mail         |    48 |    10 |       |       ||    58
       Leather armour    |     1 |    78 |    73 |    48 ||   200
Dodge: Dodged            |    89 |   137 |   155 |   126 ||   507
       Rpst.: Falchion   |    30 |    40 |     2 |       ||    72
       Long sword        |       |       |    39 |    44 ||    83

Table legend: (Time is in decaauts)
 A = Elapsed time spent in this place.
 B = Non-inter-level travel time spent in this place.
 C = Inter-level travel time spent in this place.
 D = Time resting spent in this place.
 E = Time spent auto-exploring this place.
 F = Levels seen in this place.
 G = Mean time per level.
                   A        B        C        D        E       F      G
               +--------+--------+--------+--------+--------+-----+--------+
         Total |  13068 |  12750 |    318 |   3708 |   6087 |  14 |  933.4 |
       Dungeon |  10758 |  10471 |    287 |   2890 |   5377 |   9 | 1195.3 |
        Temple |     89 |     89 |      0 |      0 |     69 |   1 |   89.0 |
          Lair |   1663 |   1632 |     31 |    591 |    641 |   2 |  831.5 |
       Ossuary |    323 |    323 |      0 |     15 |      0 |   1 |  323.0 |
      Ice Cave |    233 |    233 |      0 |    212 |      0 |   1 |  233.0 |
               +--------+--------+--------+--------+--------+-----+--------+

Top non-repeatable levels by time:
     D:3: 1753 daAuts
     D:7: 1642 daAuts
     D:1: 1393 daAuts
     D:6: 1392 daAuts
     D:8: 1267 daAuts
  Lair:1: 1258 daAuts
     D:4: 1024 daAuts
     D:5: 1013 daAuts
     D:2: 989 daAuts
  Lair:2: 404 daAuts
 Ossuary: 323 daAuts
     D:9: 281 daAuts
   IceCv: 233 daAuts
  Temple: 89 daAuts
